 Dungeon Crawl Stone Soup version 0.23.2-1-ga50397a (webtiles) character file.

Game seed: 4921349003082936346

107 Borgoz the Slasher (level 4, -1/27 HPs)
             Began as a Gargoyle Gladiator on May 25, 2019.
             Slain by Sigmund
             ... wielding a +0 scythe
              (8 damage)
             ... on level 3 of the Dungeon.
             The game lasted 00:01:52 (2093 turns).

Borgoz the Slasher (Gargoyle Gladiator)             Turns: 2093, Time: 00:01:53

Health: -1/27      AC: 15    Str: 18    XL:     4   Next: 86%
Magic:  4/4        EV:  6    Int:  9    God:
Gold:   93         SH:  0    Dex: 11    Spells: 3/3 levels left

rFire    . . .     SeeInvis .   a - +0 long sword
rCold    . . .     Gourm    .   (no shield)
rNeg     + . .     Faith    .   j - +0 plate armour
rPois    ∞         Spirit   .   c - +0 helmet
rElec    +         Reflect  .   (no cloak)
rCorr    .         Harm     .   (no gloves)
MR       .....                  (no boots)
Stlth    ..........             (no amulet)
HPRegen  0.09/turn              (no ring)
MPRegen  0.09/turn              (no ring)

@: flying
A: negative energy resistance 1, electricity resistance, unbreathing,
petrification resistance, rot immunity, AC +3
a: no special abilities


You were on level 3 of the Dungeon.
You were not hungry.

You visited 1 branch of the dungeon, and saw 3 of its levels.

You collected 93 gold pieces.

Inventory:

Hand Weapons
 a - a +0 long sword (weapon)
Missiles
 d - 3 throwing nets (quivered)
Armour
 c - a +0 helmet (worn)
 j - a +0 plate armour (worn)
Wands
 o - a wand of paralysis (11)
Scrolls
 l - a scroll of enchant armour {unknown}
 m - a scroll of blinking {unknown}
 n - a scroll of amnesia {unknown}
 p - a scroll of enchant weapon {unknown}
 q - a scroll of fear {unknown}
 r - a scroll of magic mapping {unknown}
 u - 2 scrolls of identify {unknown}
Potions
 b - a potion of resistance {unknown}
 e - a potion of cancellation {unknown}
 g - a potion of lignification {unknown}
 h - 2 potions of magic {unknown}
 i - a potion of berserk rage {unknown}
 k - a potion of flight
 s - a potion of curing
 v - a potion of agility {unknown}
Comestibles
 f - 5 rations
 t - a chunk of flesh


   Skills:
 + Level 2.9 Fighting
 * Level 3.5 Long Blades
 - Level 1.7 Throwing
 + Level 1.7 Armour
 * Level 3.2 Dodging


You had 3 spell levels left.
You didn't know any spells.
Your spell library was empty.

Dungeon Overview and Level Annotations

Branches:
Dungeon (3/15)

Altars:
Qazlal

Annotations:
D:3 Sigmund


Innate Abilities, Weirdness & Mutations

You are resistant to torment.
Your stone body is resilient. (AC +3)
You are immune to poison.
You resist negative energy. (rN+)
You are resistant to electric shocks. (rElec)
You can survive without breathing.
You are immune to petrification.
You are immune to rotting.


Message History

Your plate armour prevents you from hitting the worker ant.
Something hits you.
* * * LOW HITPOINT WARNING * * *
You closely miss something.
The worker ant bites you but does no damage.
The orc hits you but does no damage.
You hit the orc.
The orc is lightly wounded.
The worker ant completely misses you. Something hits you but does no damage.
The orc hits you but does no damage.
The worker ant bites you but does no damage.
You miss something. Something hits you but does no damage.
The worker ant bites you but does no damage.
The orc hits you but does no damage.
You miss something. The worker ant barely misses you.
The orc hits you but does no damage. Something hits you but does no damage.
The worker ant bites you but does no damage.
You miss something. The orc hits you but does no damage.
The worker ant barely misses you. Something hits you!
You die...

#....#...#.....
.#......$....... ..
....^.......)... #.
................ .. #.
...!............ ... #.
............... .... #.
.......{...#####
....###. #a@o......
........ #.........
........ #.........
......[. #.. #.........
........ #....
#......... .####...
#..... ###...........
#... ##.....
#.............# #...
#...... #.............#
#...
#.....###.............#
####.


You could see a worker ant and an orc.

Vanquished Creatures
  5 adders (D:2)
  2 worms (D:2)
  2 dart slugs (D:2)
  3 orcs (D:3)
  7 bats
  A giant cockroach (D:3)
  5 goblins
  4 hobgoblins
  6 jackals (D:1)
  7 kobolds
  A quokka (D:2)
  2 frilled lizards
  3 rats
48 creatures vanquished.

Notes
Turn   | Place    | Note
-------+----------+-------------------------------------------
     0 | D:1      | Borgoz the Gargoyle Gladiator began the quest for the Orb.
     0 | D:1      | Reached XP level 1. HP: 12/12 MP: 1/1
   245 | D:1      | Reached XP level 2. HP: 17/18 MP: 2/2
   614 | D:1      | Reached XP level 3. HP: 22/22 MP: 3/3
   643 | D:1      | Reached skill level 1 in Armour
  1280 | D:2      | Reached XP level 4. HP: 25/27 MP: 4/4
  1286 | D:2      | Found a stormy altar of Qazlal.
  2070 | D:3      | Noticed Sigmund
  2093 | D:3      | Slain by Sigmund

Skill      XL: |  1  2  3 |
---------------+----------+-----
Long Blades    | 3 |  3.5
Armour         | 1 |  1.7
Dodging        | 3 |  3.2
Fighting       | |  2.9
Throwing       | |  1.7

Action                   |  1- 3 |  4- 6 || total
-------------------------+-------+-------++-------
Melee: Long sword        |    77 |   101 ||   178
  Use: Potion            |       |     2 ||     2
 Stab: Sleeping          |     1 |       ||     1
  Eat: Chunk             |     1 |     3 ||     4
Armor: Leather armour    |    35 |       ||    35
       Plate armour      |     3 |   115 ||   118
Dodge: Dodged            |    73 |    45 ||   118
       Rpst.: Long sword |    24 |    13 ||    37
